 Dungeon Crawl Stone Soup version 0.31.0-11-ge490571c62 (webtiles) character file.

Game seed: 14900192551534865606

422 Jase the Ruffian (level 6, -3/53 HPs)
             Began as a Draconian Shapeshifter on Feb 1, 2024.
             Succumbed to Duvessa's poison
             ... on level 4 of the Dungeon.
             The game lasted 00:06:35 (2433 turns).

Jase the Ruffian (Draconian Shapeshifter)           Turns: 2433, Time: 00:06:35

Health: -3/53      AC: 10    Str: 16    XL:     6   Next: 63%
Magic:  6/6        EV: 12    Int: 11    God:
Gold:   110        SH:  0    Dex: 12    Spells: 5/5 levels left

rFire   + .          .
                       - Unarmed
rCold   . . .        (no shield)
rNeg    . . .        (body armour unavailable)
rPois   .            (helmet currently unavailable)
rElec   .            (cloak currently unavailable)
rCorr   .            (gloves currently unavailable)
SInv    +            (boots currently unavailable)
Will    .....        (no amulet)
Stlth   +            e - +4 ring of protection
HPRegen 0.28/turn    n - ring of flight
MPRegen 0.10/turn

%: no passive effects
@: lethally poisoned (-3 -> -13), beast-form, on berserk cooldown, flying,
slowed, very slow
A: beast (slay +2), AC +6, unfitting armour, cold-blooded, see invisible, fire
resistance 1
a: Begin Untransformation


You were on level 4 of the Dungeon.
You were a hulking beast.
You visited 1 branch of the dungeon, and saw 4 of its levels.

You collected 110 gold pieces.

Inventory:

Missiles
 j - 3 javelins (quivered)
 k - 5 poisoned darts
Jewellery
 e - a +4 ring of protection (left hand)
 n - a ring of flight (right hand)
Talismans
 b - a beast talisman
 c - a flux talisman
Scrolls
 g - a scroll of torment {unknown}
 h - 2 scrolls of teleportation {unknown}
 i - 2 scrolls of identify {unknown}
Potions
 a - 2 potions of lignification
 m - a potion of brilliance {unknown}


   Skills:
 + Level 4.4 Fighting
 - Level 1.7 Dodging
 + Level 4.9 Unarmed Combat
 + Level 4.7 Shapeshifting


You had 5 spell levels left.
You didn't know any spells.
Your spell library contained the following spells:

 Spells                   Type           Power      Damage    Failure   Level
 Call Canine Familiar     Summ           0%         N/A       71%         3
 Sigil of Binding         Hex            0%         N/A       71%         3
 Dimensional Bullseye     Hex/Tloc       0%         N/A       98%         4


Dungeon Overview and Level Annotations

Branches:
Dungeon (4/15)
 Temple: D:4-7

Altars:
Vehumet

Annotations:
D:2 1 runed translucent door, Crazy Yiuf
D:3 exclusion: statue
D:4 Natasha, Sigmund


Innate Abilities, Weirdness & Mutations

You are a hulking beast.
Your limbs bulge with bestial killing power. (Slay +2)
Your plain brown scales are hard. (AC +6)
You cannot fit into any form of body armour.
You are cold-blooded and may be slowed by cold attacks.
You have supernaturally acute eyesight. (SInv)
Your flesh is heat resistant. (rF+)


Message History

Duvessa closely misses you. Dowan gestures at you while chanting.
You resist with some effort.
You punch Dowan!
You kill Dowan!
Duvessa weeps, and shakes her weapon.
Duvessa goes berserk!
You feel very sick.
Duvessa hits you with a +2 short sword of venom.
* * * LOW HITPOINT WARNING * * *
You are more poisoned.
The iguana closely misses you.
Your Fighting skill increases to level 4!
You have reached level 6!
Your scales feel tougher.
You hit Duvessa. You tail-slap Duvessa.
You kill Duvessa!
* * * LOW HITPOINT WARNING * * *
You feel sick.
You punch the iguana!
Your tail-slap misses the iguana.
The iguana is severely wounded.
* * * LOW HITPOINT WARNING * * *
You feel very sick. The iguana barely misses you.
You punch the iguana!
You kill the iguana!
* * * LOW HITPOINT WARNING * * *
You feel very sick.
You are too berserk!
You are too berserk!
* * * LOW HITPOINT WARNING * * *
You feel sick.
You feel a strong urge to attack something.
You are no longer berserk.
You are exhausted.
You feel yourself slow down.
* * * LOW HITPOINT WARNING * * *
You feel very sick.
It was a potion of magic.
Magic courses through your body.
You die...

##..## #...... #.....
#..... ###### +###.....
......# ........# #.....
.......)###..#
.......).....## .. #+
.......†..h...##.## ##.
.............##...# ##..
....##..........#......#..#
... #...#...#..###........
........##...##..###.##....
.....##.......###...###..
......##..#....###....#..#
......#...#..............#
.........#....##...##.....


There were no monsters in sight!

Vanquished Creatures
  Duvessa (D:4)
  An ogre (D:4)
  Dowan (D:4)
  An orc priest (D:3)
  An iguana (D:4)
  An orc wizard (D:3)
  Robin (D:3)
  3 adders
  2 dart slugs
  8 orcs (D:3)
  5 endoplasms
  2 giant cockroaches (D:1)
  11 goblins
  9 hobgoblins
  4 quokkas
  5 ball pythons
  2 bats (D:1)
  2 frilled lizards
  4 kobolds
  2 rats
66 creatures vanquished.

Notes
Turn   | Place    | Note
-------+----------+-------------------------------------------
     0 | D:1      | Jase the Draconian Shapeshifter began the quest for the
                  | Orb.
     0 | D:1      | Reached XP level 1. HP: 16/16 MP: 1/1
   112 | D:1      | Reached XP level 2. HP: 23/23 MP: 2/2
   306 | D:1      | Found a faded altar of an unknown god.
   891 | D:2      | Reached XP level 3. HP: 25/29 MP: 3/3
  1087 | D:2      | Found a runed translucent door.
  1088 | D:2      | Noticed Crazy Yiuf
  1756 | D:3      | Found a radiant altar of Vehumet.
  1756 | D:3      | Noticed a charred statue
  1804 | D:3      | Reached XP level 4. HP: 33/37 MP: 4/4
  2053 | D:3      | Reached XP level 5. HP: 41/45 MP: 5/5
  2076 | D:3      | Found the +7 staff of the Meek {protect, meekguard}
  2195 | D:4      | Noticed Sigmund
  2195 | D:4      | Noticed Natasha
  2241 | D:4      | Noticed Robin
  2257 | D:3      | Killed Robin
  2292 | D:4      | Noticed an ogre
  2303 | D:4      | Killed an ogre
  2409 | D:4      | Noticed Dowan
  2415 | D:4      | Noticed Duvessa
  2416 | D:4      | Gained mutation: You have supernaturally acute eyesight.
                  | (SInv) [potion of mutation]
  2416 | D:4      | Gained mutation: Your flesh is heat resistant. (rF+)
                  | [potion of mutation]
  2427 | D:4      | Killed Dowan
  2428 | D:4      | Reached XP level 6. HP: 15/52 MP: 6/6
  2428 | D:4      | Killed Duvessa
  2432 | D:4      | HP: 1/53 [poisoned by Duvessa]
  2433 | D:4      | Succumbed to Duvessa's poison

Illustrated notes

Levels and vault maps discovered:
D:1:      lightli_arrival_lavapool, layout_loops_ring,
          ebering_ecumenical_altar_petrified, chequers_serial_rivers_micro_c,
          minmay_ruptured
D:2:      layout_loops_ring, uniq_crazy_yiuf_cottage
D:3:      layout_loops_cross, vehumet_statue, pf_guarded_unrand_meek
D:4:      layout_cave_pools, lemuel_doored_altar, kennysheep_generic_room_2,
          uniq_menkaure, uniq_sigmund, uniq_robin, uniq_duvessa, uniq_natasha

Skill      XL: |  1  2  3  4  5 |
---------------+----------------+-----
Fighting       | 2 3 4 |  4.4
Unarmed Combat | 4 |  4.9
Shapeshifting  | 4 |  4.7
Dodging        | |  1.7

Action                     |  1- 3 |  4- 6 || total
---------------------------+-------+-------++-------
  Melee: Unarmed           |    85 |    82 ||   167
         Tailslap          |    11 |     8 ||    19
         Punch             |     3 |     3 ||     6
    Use: Potion            |       |     4 ||     4
   Stab: Sleeping          |     1 |     1 ||     2
         Distracted        |     1 |       ||     1
 Armour: Skin              |    30 |    79 ||   109
  Dodge: Dodged            |    50 |    38 ||    88
